[Event "Titled Tuesday Blitz April 18 Late 2023"]
[White "mjelcic"]
[Black "Grigoriants, Sergey"]
[BlackFideId "4130804"]
[WhiteElo "2197"]
[BlackElo "2502"]
[Result "0-1"]
[Round "06"]
[TimeControl "180+2"]
[Date "2023.04.18"]
[WhiteClock "0:00:03"]
[BlackClock "0:00:05"]

1. c4 e5 2. Nc3 Nf6 3. g3 Bb4 4. Bg2 O-O 5. e4 Nc6 6. Nge2 d6 7. O-O a5 8. Nd5 Bc5 9. d3 h6 10. Be3 Bg4 11. f3 Bd7 12. d4 Ba7 13. Qd2 Re8 14. Kh1 Nb4 15. Nxb4 axb4 16. Qxb4 exd4 17. Bxd4 Bxd4 18. Nxd4 c5 19. Qxb7 cxd4 20. Qb4 Qc7 21. b3 Qc5 22. Qd2 Ra3 23. Rab1 Rea8 24. Rb2 Qa7 25. Rf2 Bc6 26. Qb4 Qc5 27. Qd2 Nd7 28. f4 Nf6 29. Qd3 Ng4 30. Rfd2 Ne3 31. Bf3 f5 32. h3 Re8 33. Qxd4 fxe4 34. Bh5 Qxh5 35. Qxe3 Qxh3+ 36. Kg1 Qe6 37. Rd4 Rea8 38. Rdd2 Qf6 39. Qb6 e3 40. Rh2 Bf3 41. Qxe3 Bb7 42. Rbe2 Kh8 43. Qc1 R3a7 44. a4 Qd4+ 45. Kf1 Qf6 46. Qe3 Ba6 47. Re1 Rb7 48. Qe4 Rab8 49. a5 Rxb3 50. Qe6 Qxe6 51. Rxe6 Bxc4+ 52. Ke1 Bxe6 53. Re2 Rb1+ 54. Kf2 R8b2 55. Rxb2 Rxb2+ 0-1


[Site "https://www.chess.com"]

[Event "Titled Tuesday Blitz April 18 Late 2023"]
[White "Peng, Li Min"]
[Black "Mikhalsky, Vladimir"]
[WhiteFideId "14112620"]
[BlackFideId "14144352"]
[WhiteElo "2436"]
[BlackElo "2236"]
[Result "1-0"]
[Round "06"]
[TimeControl "180+2"]
[Date "2023.04.18"]
[WhiteClock "0:01:45"]
[BlackClock "0:00:08"]

1. d4 Nf6 2. c4 g6 3. Nc3 Bg7 4. e4 O-O 5. Be2 d6 6. Be3 e5 7. d5 a5 8. g4 Na6 9. g5 Nd7 10. h4 f5 11. gxf6 Qxf6 12. h5 Nac5 13. Qd2 a4 14. O-O-O a3 15. b4 Na4 16. Nb5 Nb2 17. Re1 Nb6 18. Qc2 c6 19. Nc7 c5 20. Nxa8 Nxa8 21. hxg6 Qxg6 22. Nf3 cxb4 23. Reg1 Qf6 24. Ng5 Kh8 25. Nxh7 1-0


[Site "https://www.chess.com"]

[Event "Titled Tuesday Blitz April 18 Late 2023"]
[White "Koc, Przemyslaw"]
[Black "Mekhitarian, Krikor Sevag"]
[WhiteFideId "1109081"]
[BlackFideId "2107660"]
[WhiteElo "2161"]
[BlackElo "2604"]
[Result "1/2-1/2"]
[Round "06"]
[TimeControl "180+2"]
[Date "2023.04.18"]
[WhiteClock "0:00:16"]
[BlackClock "0:00:03"]

1. Nf3 d5 2. d4 Nf6 3. e3 g6 4. Bd3 Bg7 5. O-O O-O 6. b3 c5 7. Bb2 cxd4 8. exd4 Nc6 9. a3 Bg4 10. Nbd2 Rc8 11. h3 Bxf3 12. Qxf3 e6 13. Qe2 Nh5 14. Qe3 Qc7 15. f4 Ne7 16. g4 Nf6 17. Rac1 a6 18. c4 Qd8 19. c5 Ne4 20. Nxe4 dxe4 21. Bxe4 Qd7 22. Rfd1 Rfd8 23. Kg2 Nc6 24. d5 exd5 25. Rxd5 Qe7 26. Bxg7 Kxg7 27. Rxd8 Rxd8 28. Qc3+ Kg8 29. Bxc6 Qe2+ 30. Kg1 Rd2 31. Qf3 Qh2+ 32. Kf1 bxc6 33. Re1 Rd8 34. f5 Kg7 35. f6+ Kh6 36. b4 g5 37. Re7 Rd4 38. Re4 Rxe4 39. Qxe4 Qxh3+ 40. Ke2 Qh2+ 41. Ke1 Qb2 42. Qxc6 Qxa3 43. Qe4 Qc1+ 44. Ke2 Qc3 45. c6 a5 46. b5 Qc2+ 47. Ke3 Qc3+ 48. Qd3 Qe5+ 49. Kd2 Qb2+ 50. Qc2 Qd4+ 51. Ke2 Qe5+ 52. Kd1 Qd4+ 53. Kc1 Qa1+ 54. Kd2 Qd4+ 55. Qd3 Qb2+ 56. Kd1 Qa1+ 57. Ke2 Qe5+ 58. Kd2 Qb2+ 1/2-1/2


[Site "https://www.chess.com"]

[Event "Titled Tuesday Blitz April 18 Late 2023"]
[White "Figorito, Nick"]
[Black "Klukin, Kirill"]
[WhiteFideId "30923689"]
[BlackFideId "24199273"]
[WhiteElo "2457"]
[BlackElo "2344"]
[Result "0-1"]
[Round "06"]
[TimeControl "180+2"]
[Date "2023.04.18"]
[WhiteClock "0:00:27"]
[BlackClock "0:01:33"]

1. Nf3 Nf6 2. g3 g6 3. Bg2 Bg7 4. O-O O-O 5. c4 d6 6. Nc3 c6 7. d3 e5 8. Rb1 a5 9. a3 Re8 10. e4 Bg4 11. b4 axb4 12. axb4 Nbd7 13. h3 Bxf3 14. Bxf3 Qc7 15. Bg2 Nf8 16. Be3 Ne6 17. Qd2 Ra3 18. Ra1 Rea8 19. Rxa3 Rxa3 20. Qb2 Ra8 21. Ra1 Qd8 22. b5 Nd7 23. Kh2 Ndc5 24. Bf1 h5 25. Rxa8 Qxa8 26. Qa2 Qd8 27. Qa7 h4 28. bxc6 hxg3+ 29. fxg3 bxc6 30. Na4 Nxa4 31. Qxa4 c5 32. Qa6 Kh7 33. h4 Bh6 34. Bg1 Qf6 35. Bh3 Nd4 36. Bxd4 exd4 37. Bg2 Be3 38. Qc6 Kg7 39. Qd5 Bf2 40. h5 Be1 41. hxg6 Qxg6 42. e5 Bxg3+ 43. Kg1 Qxd3 44. exd6 Qe3+ 45. Kh1 Qe1+ 0-1


[Site "https://www.chess.com"]

[Event "Titled Tuesday Blitz April 18 Late 2023"]
[White "Meunier-Pion, Jean"]
[Black "Domingo Nunez, Ruben"]
[WhiteFideId "20685327"]
[BlackFideId "22245570"]
[WhiteElo "2124"]
[BlackElo "2404"]
[Result "0-1"]
[Round "06"]
[TimeControl "180+2"]
[Date "2023.04.18"]
[WhiteClock "0:00:20"]
[BlackClock "0:01:15"]

1. e4 g6 2. d4 Bg7 3. Nc3 c6 4. f4 d5 5. e5 f6 6. Nf3 Nh6 7. Bd3 Bg4 8. O-O O-O 9. h3 Bxf3 10. Rxf3 fxe5 11. fxe5 Rxf3 12. Qxf3 e6 13. Be3 c5 14. dxc5 Nc6 15. Bxh6 Bxh6 16. Rf1 Qe7 17. Qg3 Bg7 18. Ne2 Qxc5+ 19. Kh1 Nxe5 20. Nf4 Re8 21. c3 Qd6 22. Bb1 Rf8 23. Re1 Nc4 24. Ne2 Qxg3 25. Nxg3 Be5 26. Ne2 Nxb2 27. g4 Nc4 28. Nc1 Bxc3 29. Rxe6 Rf1+ 30. Kg2 Rxc1 31. Bd3 Ne5 32. Bb5 Kf7 33. Rd6 Rc2+ 34. Kg3 a6 35. Ba4 Rxa2 36. Bb3 Ra3 37. Bxd5+ Ke7 38. Rb6 Bd4+ 39. Kh4 Bxb6 40. g5 Bf2# 0-1


[Site "https://www.chess.com"]

[Event "Titled Tuesday Blitz April 18 Late 2023"]
[White "Sprenar, Petr"]
[Black "Ambartsumova, Karina"]
[WhiteFideId "397164"]
[BlackFideId "4166299"]
[WhiteElo "2182"]
[BlackElo "2240"]
[Result "1-0"]
[Round "06"]
[TimeControl "180+2"]
[Date "2023.04.18"]
[WhiteClock "0:00:05"]
[BlackClock "0:00:03"]

1. d4 Nf6 2. c4 g6 3. g3 Bg7 4. Bg2 O-O 5. Nc3 d6 6. Nf3 Nc6 7. O-O e5 8. dxe5 dxe5 9. Bg5 Be6 10. Nd5 Bxd5 11. Bxf6 Qxf6 12. cxd5 Ne7 13. Nd2 Rfd8 14. e4 c6 15. Qb3 Rab8 16. Rad1 h5 17. h4 b6 18. Nc4 cxd5 19. exd5 Nf5 20. Qa3 Rbc8 21. Ne3 Nd6 22. Qxa7 e4 23. Qxb6 Rb8 24. Qc6 Rxb2 25. a4 Rc8 26. Qd7 Rb7 27. Qh3 Rc5 28. g4 Ra5 29. gxh5 gxh5 30. f3 Rb3 31. fxe4 Qh6 32. Rf3 Rb2 33. Nf5 Nxf5 34. Qxf5 Rxa4 35. Qxf7+ Kh7 36. Rg3 Raa2 37. Qf5+ Kh8 38. d6 Rd2 39. Qc8+ Kh7 40. Qf5+ Kh8 41. Rxd2 Rxd2 42. d7 Bd4+ 43. Kh2 Bg7 44. Kh3 Bf8 45. e5 Bg7 46. e6 Bf6 47. Qg6 Qxg6 48. Rxg6 Be7 49. Bc6 Kh7 50. Rg3 Rd6 51. Be4+ Kh8 52. Bf5 Rd5 53. Bg6 Kg7 54. Bf7+ Kf6 55. Rg6+ Ke5 56. Rg8 Kf6 57. Re8 Rd3+ 58. Kg2 Rd4 59. Kf3 Rxh4 60. d8=Q Bxd8 61. Rxd8 Rh3+ 62. Kg2 Ra3 63. Rd4 Kg5 64. Rd2 Re3 65. Rf2 h4 66. Rf3 Re2+ 67. Rf2 Re3 68. Kf1 Kg4 69. Re2 Rf3+ 70. Kg1 Rg3+ 71. Rg2 1-0


[Site "https://www.chess.com"]

[Event "Titled Tuesday Blitz April 18 Late 2023"]
[White "mrithyunjay"]
[Black "cryptoguru02"]
[WhiteElo "2450"]
[BlackElo "2599"]
[Result "0-1"]
[Round "06"]
[TimeControl "180+2"]
[Date "2023.04.18"]
[WhiteClock "0:01:08"]
[BlackClock "0:01:24"]

1. e4 e5 2. Nf3 Nc6 3. Bb5 g6 4. c3 a6 5. Bxc6 dxc6 6. O-O Bg7 7. d4 exd4 8. cxd4 Bg4 9. Be3 Bxf3 10. gxf3 Ne7 11. Nc3 O-O 12. Rc1 Qd7 13. Ne2 a5 14. Kh1 a4 15. Qd2 f5 16. e5 Nd5 17. f4 Qe6 18. Nc3 Rfd8 19. Nxd5 Qxd5+ 20. Kg1 Bf8 21. a3 c5 22. Rfd1 c4 23. Qe2 b5 24. Qf1 Qf3 25. Qg2 Qxg2+ 26. Kxg2 Rd5 27. Rc2 Rad8 28. Rcd2 Kf7 29. Kf3 Ke6 30. Ke2 c6 31. Ke1 R8d7 32. Ke2 Be7 33. Rc1 Bd8 34. Rdd1 Bb6 35. Rc2 Bxd4 36. Rcd2 c5 37. Kf3 h6 38. Ke2 Bxe3 39. Rxd5 Rxd5 40. Rxd5 Kxd5 41. fxe3 g5 42. Kf3 g4+ 43. Kg3 b4 44. e4+ Ke6 45. exf5+ Kxf5 46. Kf2 c3 47. bxc3 bxa3 0-1


[Site "https://www.chess.com"]

[Event "Titled Tuesday Blitz April 18 Late 2023"]
[White "Sokolovsky, Yahli"]
[Black "D`Arruda, Ricardo D."]
[WhiteFideId "2820242"]
[BlackFideId "100692"]
[WhiteElo "2316"]
[BlackElo "2449"]
[Result "0-1"]
[Round "06"]
[TimeControl "180+2"]
[Date "2023.04.18"]
[WhiteClock "0:00:04"]
[BlackClock "0:00:28"]

1. b3 e5 2. Bb2 Nc6 3. e3 Nf6 4. Nf3 d6 5. d4 exd4 6. exd4 Be7 7. d5 Nb8 8. Be2 O-O 9. O-O Bf5 10. c4 Nbd7 11. Nh4 Bg6 12. Nxg6 hxg6 13. Nd2 Re8 14. Nf3 Nc5 15. Nd4 Nfe4 16. Bf3 Bf6 17. g3 Qd7 18. Qc2 a5 19. Rfe1 Ng5 20. Bg2 Nh3+ 21. Kf1 a4 22. Rxe8+ Rxe8 23. Re1 axb3 24. axb3 Rxe1+ 25. Kxe1 Ng5 26. b4 Na6 27. Qb3 Qe7+ 28. Ne2 Bxb2 29. Qxb2 Ne4 30. Qd4 Nf6 31. b5 Nc5 32. Kf1 Nb3 33. Qd1 Nc5 34. Qd4 Nfd7 35. Nc3 Qg5 36. f4 Qf5 37. Ne4 Nxe4 38. Qxe4 Qf6 39. Qe8+ Nf8 40. Qe2 g5 41. Qd2 Ng6 42. Be4 gxf4 43. Bxg6 fxg3+ 44. Kg2 Qxg6 45. hxg3 Qe4+ 46. Kh3 Qxc4 47. Qg5 f6 48. Qf5 Qe2 49. Qc8+ Kf7 50. Qxc7+ Qe7 51. Qc8 b6 52. Qc6 Qd8 53. Qb7+ Kg6 54. Kg4 Qe8 55. Qxb6 Qe4+ 56. Kh3 Qh1+ 57. Kg4 f5+ 0-1


[Site "https://www.chess.com"]

[Event "Titled Tuesday Blitz April 18 Late 2023"]
[White "Mackster23"]
[Black "benny_aizenberg"]
[WhiteElo "2432"]
[BlackElo "2595"]
[Result "1-0"]
[Round "06"]
[TimeControl "180+2"]
[Date "2023.04.18"]
[WhiteClock "0:00:04"]
[BlackClock "0:00:02"]

1. e4 Nf6 2. e5 Nd5 3. d4 d6 4. c4 Nb6 5. exd6 cxd6 6. Nc3 g6 7. Bd3 Bg7 8. Nge2 Nc6 9. Be3 O-O 10. b3 e5 11. d5 Ne7 12. Rc1 f5 13. f4 e4 14. Bb1 Nd7 15. Nd4 Nf6 16. h3 Bd7 17. O-O a6 18. a4 Qa5 19. Qd2 Rac8 20. Nxe4 Qxd2 21. Nxd2 b5 22. axb5 axb5 23. Bd3 bxc4 24. bxc4 Rc7 25. Rb1 Rfc8 26. Rb3 Ne4 27. Bxe4 fxe4 28. Nb5 Bxb5 29. Rxb5 Nf5 30. Kf2 Ra8 31. g4 Nxe3 32. Kxe3 Ra3+ 33. Ke2 e3 34. Ne4 Bf8 35. Rc1 Kg7 36. Rb2 Rca7 37. Rbc2 R7a4 38. Rc3 Ra2+ 39. R1c2 Ra1 40. Rxe3 Rh1 41. Ng5 Rh2+ 42. Kd3 Ra3+ 43. Kd4 Rxe3 44. Rxh2 Ra3 45. Ne6+ Kf7 46. Nxf8 Kxf8 47. Rb2 Rxh3 48. c5 dxc5+ 49. Kxc5 Ke7 50. Rb7+ Kd8 51. Kd6 Kc8 52. Rg7 Rf3 53. Ke5 Re3+ 54. Kf6 Re4 55. Kg5 h6+ 56. Kxh6 Rxf4 57. Rxg6 Rd4 58. d6 Kd7 59. g5 Rh4+ 60. Kg7 Rg4 61. Kf6 Rf4+ 62. Ke5 Rg4 63. Rg7+ Kd8 64. Kf6 Rf4+ 65. Kg6 Rd4 66. d7 Rd6+ 67. Kh7 Rd1 68. g6 Rh1+ 69. Kg8 Rg1 70. Kf8 Rg2 71. Kf7 Rf2+ 72. Kg8 Rg2 73. Kh8 Rh2+ 74. Rh7 Rg2 75. g7 Rg1 76. g8=Q+ Rxg8+ 77. Kxg8 1-0


[Site "https://www.chess.com"]

[Event "Titled Tuesday Blitz April 18 Late 2023"]
[White "Gubajdullin, Alexei"]
[Black "mistrzemi"]
[WhiteFideId "4141202"]
[WhiteElo "2279"]
[BlackElo "2430"]
[Result "0-1"]
[Round "06"]
[TimeControl "180+2"]
[Date "2023.04.18"]
[WhiteClock "0:00:11"]
[BlackClock "0:00:37"]

1. d4 Nf6 2. Nf3 e6 3. Bf4 d5 4. e3 Bd6 5. Ne5 O-O 6. Nd2 c5 7. c3 Nc6 8. Bg3 Qe7 9. f4 Nd7 10. Bd3 f6 11. Bxh7+ Kxh7 12. Qh5+ Kg8 13. Ng6 Qe8 14. O-O f5 15. Nf3 Rf6 16. Nfh4 Nf8 17. Qh8+ Kf7 18. Nxf8 Qxf8 19. Qh5+ Kg8 20. Qe2 Bd7 21. Nf3 Rh6 22. Bh4 Be7 23. Bg5 Bxg5 24. fxg5 Rh7 25. g4 fxg4 26. Ne5 Qe8 27. Qxg4 Nxe5 28. dxe5 Qh5 29. Qg3 Be8 30. Rf4 Bg6 31. Raf1 Qe2 32. R4f2 Qd3 33. Qf4 Bf5 34. h4 g6 35. Qg3 Rf8 36. Rf4 Rhf7 37. R1f2 Qd1+ 38. Rf1 Qd3 39. Kh2 Be4 40. Rxf7 Qxf1 41. Rxf1 Rxf1 42. Qg4 Rh1+ 43. Kg3 Rg1+ 44. Kh3 Bf5 45. Qxf5 exf5 46. Kh2 Re1 47. e6 Rxe3 48. e7 Rxe7 49. Kg3 Kf7 50. Kf4 Re4+ 51. Kg3 Rg4+ 52. Kf3 d4 0-1


[Site "https://www.chess.com"]

[Event "Titled Tuesday Blitz April 18 Late 2023"]
[White "Gonzalez Zamora, Juan Carlos"]
[Black "Loiacono, Antonio"]
[WhiteFideId "3507548"]
[BlackFideId "895415"]
[WhiteElo "2535"]
[BlackElo "2257"]
[Result "0-1"]
[Round "06"]
[TimeControl "180+2"]
[Date "2023.04.18"]
[WhiteClock "0:00:04"]
[BlackClock "0:00:19"]

1. e4 e5 2. Nf3 Nc6 3. Bb5 g6 4. O-O Bg7 5. c3 a6 6. Ba4 Nge7 7. d4 exd4 8. cxd4 b5 9. Bb3 O-O 10. Nc3 d6 11. h3 Na5 12. Bc2 Bb7 13. Re1 c5 14. d5 Nc4 15. Rb1 Re8 16. Bb3 Na5 17. Bc2 Nc4 18. Bb3 Ne5 19. Nxe5 Bxe5 20. Bg5 Qd7 21. a4 Bg7 22. Qd2 f5 23. Bh6 Bh8 24. e5 dxe5 25. axb5 axb5 26. d6+ c4 27. dxe7 Qxd2 28. Bxd2 cxb3 29. Nxb5 Rxe7 30. Rec1 Rb8 31. Na3 Bf6 32. Bc3 Be4 33. Ra1 Rc7 34. Ba5 Ra7 35. Bc3 Bd3 36. Rd1 Rd8 37. f4 Re7 38. Re1 Be4 39. Nc4 Rc8 40. Bxe5 Rxc4 41. Bxf6 Rd7 42. Rad1 Rxd1 43. Rxd1 Rc2 44. g4 Rg2+ 45. Kf1 Rh2 46. g5 Rh1+ 47. Ke2 Bf3+ 48. Kxf3 Rxd1 49. Ke3 Rd5 50. h4 Kf7 51. Ke2 Ke6 52. Bc3 Kd7 53. Ke3 Kc6 54. Ke2 Kb5 55. Ke3 Kc4 56. Bg7 Rd3+ 57. Ke2 Rh3 58. Bf6 Rxh4 0-1


[Site "https://www.chess.com"]

[Event "Titled Tuesday Blitz April 18 Late 2023"]
[White "Bruedigam, Martin"]
[Black "Gatterer, Florian"]
[WhiteFideId "24608033"]
[BlackFideId "811688"]
[WhiteElo "2331"]
[BlackElo "2221"]
[Result "0-1"]
[Round "06"]
[TimeControl "180+2"]
[Date "2023.04.18"]
[WhiteClock "0:00:25"]
[BlackClock "0:00:25"]

1. d4 d5 2. c4 c6 3. Nf3 Nf6 4. e3 Bf5 5. Nc3 e6 6. Nh4 Be4 7. f3 Bg6 8. Nxg6 hxg6 9. Bd2 Be7 10. g3 Nbd7 11. Bg2 dxc4 12. a4 a5 13. Qe2 Nb6 14. O-O Nfd5 15. f4 Bb4 16. e4 Ne7 17. Be3 O-O 18. h4 Rc8 19. Rad1 Qc7 20. h5 Bxc3 21. bxc3 Nxa4 22. Qxc4 Nb2 23. Qe2 Nxd1 24. Rxd1 a4 25. hxg6 Nxg6 26. Kf2 Ra8 27. Rh1 a3 28. Qh5 Rfd8 29. f5 a2 30. fxg6 fxg6 31. Qh7+ Kf7 32. Rf1 a1=Q 33. Bc1 Qxc1 34. Rxc1 Rh8 0-1


[Site "https://www.chess.com"]

[Event "Titled Tuesday Blitz April 18 Late 2023"]
[White "crosky"]
[Black "Aggelis, Nikolaos"]
[BlackFideId "4213220"]
[WhiteElo "2372"]
[BlackElo "2189"]
[Result "0-1"]
[Round "06"]
[TimeControl "180+2"]
[Date "2023.04.18"]
[WhiteClock "0:01:31"]
[BlackClock "0:02:00"]

1. c4 Nf6 2. Nc3 d5 3. cxd5 Nxd5 4. g3 g6 5. Bg2 Nxc3 6. bxc3 Bg7 7. h4 O-O 8. h5 c5 9. h6 Bh8 10. Nf3 Nc6 11. a4 Be6 12. O-O Qd7 13. Ba3 b6 14. Ng5 Bd5 15. e4 Bc4 16. Re1 Bd3 17. Re3 Rad8 18. Bh3 e6 19. f4 Na5 20. Bc1 Nc4 21. Rxd3 Qxd3 22. Bf1 Qxg3+ 0-1


[Site "https://www.chess.com"]

[Event "Titled Tuesday Blitz April 18 Late 2023"]
[White "koncheto"]
[Black "Prieto Aranguren, Alain"]
[BlackFideId "2268906"]
[WhiteElo "2524"]
[BlackElo "2209"]
[Result "1-0"]
[Round "06"]
[TimeControl "180+2"]
[Date "2023.04.18"]
[WhiteClock "0:02:25"]
[BlackClock "0:02:28"]

1. e4 c6 2. d4 d5 3. Nc3 dxe4 4. Nxe4 Nf6 5. Nxf6+ exf6 6. c3 Bd6 7. Bd3 O-O 8. Ne2 Re8 9. O-O Nd7 10. f4 Nf8 11. Ng3 Bc7 12. f5 b6 13. Nh5 Bb7 14. Qg4 g6 15. fxg6 hxg6 16. Nxf6+ Kg7 17. Qh4 1-0


[Site "https://www.chess.com"]

[Event "Titled Tuesday Blitz April 18 Late 2023"]
[White "Florianovitz, Derlei Alex"]
[Black "Jimenez Almeida, Luis David"]
[WhiteFideId "2114178"]
[BlackFideId "22242244"]
[WhiteElo "1953"]
[BlackElo "2245"]
[Result "1/2-1/2"]
[Round "06"]
[TimeControl "180+2"]
[Date "2023.04.18"]
[WhiteClock "0:00:19"]
[BlackClock "0:00:18"]

1. e4 c6 2. Nf3 g6 3. d4 Na6 4. c4 Bg7 5. Nc3 Nc7 6. Be3 d6 7. Qd2 Nf6 8. h3 a5 9. Bh6 O-O 10. Bxg7 Kxg7 11. Bd3 Re8 12. O-O e5 13. Rae1 Qe7 14. d5 Nh5 15. Bc2 Nf4 16. c5 Rd8 17. cxd6 Rxd6 18. Rd1 c5 19. Ne2 g5 20. Nxf4 gxf4 21. Qe2 b6 22. Bd3 Ne8 23. Nh2 Rg6 24. Kh1 Nd6 25. b3 Bd7 26. Rg1 Rg8 27. g3 fxg3 28. Rxg3 Kh8 29. Rdg1 Bxh3 30. Qh5 Bd7 31. Nf3 Rxg3 32. Rxg3 Rxg3 33. fxg3 f6 34. Nh4 Qf7 35. Qf3 Qg7 36. Kh2 Kg8 37. Bf1 Kf8 38. Bh3 Bxh3 39. Kxh3 Qg5 40. Qf1 h5 41. Qa6 Nxe4 42. Qc8+ Kg7 43. Qd7+ Kh6 44. Nf5+ Kg6 45. Nh4+ Kh6 46. Nf5+ Kg6 47. Nh4+ Kh6 1/2-1/2


[Site "https://www.chess.com"]

[Event "Titled Tuesday Blitz April 18 Late 2023"]
[White "Winkels, Marcel"]
[Black "Silva, Caio Henrique Angelico"]
[WhiteFideId "1003887"]
[BlackFideId "22777210"]
[WhiteElo "1900"]
[BlackElo "2096"]
[Result "0-1"]
[Round "06"]
[TimeControl "180+2"]
[Date "2023.04.18"]
[WhiteClock "0:00:05"]
[BlackClock "0:01:50"]

1. d4 Nf6 2. Nc3 d5 3. Bf4 a6 4. e3 Bf5 5. Nf3 e6 6. Bd3 Bg6 7. h4 c5 8. Ne5 Nc6 9. Bg5 Be7 10. Nxg6 hxg6 11. Be2 cxd4 12. exd4 Qb6 13. Be3 Qxb2 14. Na4 Qa3 15. c3 b5 16. Nc5 Bxc5 17. dxc5 Ne4 18. O-O Nxc3 19. Qd2 Ne4 20. Qc2 Qc3 21. Qd1 Qe5 22. Rc1 Rxh4 23. f4 Rh1+ 24. Kxh1 Ng3+ 25. Kg1 Qxe3+ 26. Rf2 Nxe2+ 0-1


[Site "https://www.chess.com"]

[Event "Titled Tuesday Blitz April 18 Late 2023"]
[White "Weetik, Vjacheslav"]
[Black "Przybylski, Wojciech"]
[WhiteFideId "4153472"]
[BlackFideId "1117599"]
[WhiteElo "2469"]
[BlackElo "2222"]
[Result "1-0"]
[Round "06"]
[TimeControl "180+2"]
[Date "2023.04.18"]
[WhiteClock "0:00:05"]
[BlackClock "0:00:03"]

1. d4 Nf6 2. Bf4 d5 3. e3 Bf5 4. Nc3 c6 5. f3 h6 6. Nge2 Nbd7 7. g4 Bg6 8. h4 e6 9. Bg3 Qb6 10. Rb1 Be7 11. Nf4 Bh7 12. g5 Ng8 13. g6 Bxg6 14. Nxg6 fxg6 15. Qd3 Nf8 16. Bh3 Nf6 17. Rg1 Qa6 18. Qxa6 bxa6 19. e4 Nh5 20. Bf2 Bb4 21. a3 Bd6 22. Kd2 Bf4+ 23. Kd3 Bh2 24. Rh1 Bd6 25. Ne2 Kf7 26. Rhg1 Rd8 27. c4 Nd7 28. Rbc1 dxc4+ 29. Rxc4 c5 30. Kc2 cxd4 31. Nxd4 Nf4 32. Bf1 Ne5 33. Rc3 Be7 34. Be3 g5 35. Kb1 Bf6 36. Rc7+ Rd7 37. Rxd7+ Nxd7 38. hxg5 hxg5 39. Ne2 Nd3 40. Nd4 N3e5 41. Bxa6 Nc5 42. Be2 Rh2 43. Rc1 Ncd7 44. Rc7 Rh1+ 45. Ka2 Ke8 46. Bb5 Kd8 47. Rxa7 Re1 48. Nxe6+ Ke7 49. Nc5 Rxe3 50. Nxd7 Nxd7 51. Bxd7 Kd6 52. Bg4 Re2 53. Rb7 Kc6 54. Rb4 Kc5 55. Rb3 Bd4 56. Be6 g6 57. Bd7 Rf2 58. Rb5+ Kd6 59. Rd5+ Ke7 60. Rxd4 Rxf3 61. a4 Rf4 62. a5 g4 63. Bxg4 Rxg4 64. a6 Rh4 65. b4 Rh8 66. b5 Ke6 67. b6 Ke5 68. Ra4 g5 69. a7 Ra8 70. b7 Rd8 71. b8=Q+ Kf6 72. Qxd8+ Kg6 73. a8=Q Kh5 74. e5 g4 75. Qh1+ Kg6 76. Qe4+ Kh5 77. Qxg4+ Kh6 78. Qh8# 1-0


[Site "https://www.chess.com"]

[Event "Titled Tuesday Blitz April 18 Late 2023"]
[White "Barrientos, Sergio E"]
[Black "ayme97"]
[WhiteFideId "4401824"]
[WhiteElo "2423"]
[BlackElo "2226"]
[Result "1-0"]
[Round "06"]
[TimeControl "180+2"]
[Date "2023.04.18"]
[WhiteClock "0:02:07"]
[BlackClock "0:00:02"]

1. a3 g6 2. d4 Bg7 3. Nf3 Nf6 4. c4 d6 5. Nc3 O-O 6. h3 Nc6 7. d5 Na5 8. e4 b6 9. Bd3 e5 10. O-O Nh5 11. b4 Nb7 12. Rb1 Nf4 13. Bxf4 exf4 14. Qd2 a5 15. Nb5 axb4 16. axb4 g5 17. Rfe1 Re8 18. Nbd4 Qf6 19. Nc6 g4 20. hxg4 Bxg4 21. e5 Qh6 22. Nh2 Bd7 23. exd6 Nxd6 24. c5 bxc5 25. bxc5 Nf5 26. Bxf5 Bxf5 27. Ne7+ Rxe7 28. Rxe7 Bxb1 29. Rxc7 Be4 30. d6 Qg6 31. f3 Bd3 32. Qe1 Bd4+ 33. Kh1 Ra1 34. Rc8+ Kg7 35. Qxa1 Bxa1 36. d7 Bf6 37. c6 Ba6 38. c7 Qb1+ 39. Nf1 Qxf1+ 40. Kh2 Bh4 41. Rg8+ Kxg8 42. d8=Q+ Bxd8 43. cxd8=Q+ Kg7 44. Qg5+ Kf8 45. Qd8+ Kg7 46. Qd4+ Kf8 47. Qd8+ 1-0


[Site "https://www.chess.com"]

[Event "Titled Tuesday Blitz April 18 Late 2023"]
[White "Marcziter, Dmitrii"]
[Black "Krishnan, Varun"]
[WhiteFideId "13900765"]
[BlackFideId "5054508"]
[WhiteElo "2162"]
[BlackElo "2593"]
[Result "0-1"]
[Round "06"]
[TimeControl "180+2"]
[Date "2023.04.18"]
[WhiteClock "0:00:57"]
[BlackClock "0:00:11"]

1. e4 e5 2. Nf3 Nc6 3. Bc4 Bc5 4. c3 Nf6 5. d4 exd4 6. b4 Bb6 7. e5 d5 8. exf6 dxc4 9. Qe2+ Be6 10. b5 d3 11. Qe4 Na5 12. fxg7 Rg8 13. Bg5 Qd5 14. Qxh7 Kd7 15. O-O Bg4 16. Nbd2 Rae8 17. h3 Bf5 18. Qh6 Re6 19. Bf6 Be4 20. Nxe4 Qxe4 21. Ng5 Qf4 22. Nxf7 Qxf6 23. Qxf6 Rxf6 24. Ne5+ Ke6 25. Rae1 Kd6 26. Ng4 Rg6 27. Re4 R8xg7 28. Rfe1 c6 29. a4 cxb5 30. axb5 Rf7 31. Kh2 Rfg7 32. g3 Bc5 33. Ne5 Bxf2 34. Nxg6 Bxe1 35. Rxe1 Rxg6 36. g4 d2 37. Rd1 Nb3 38. Kg3 Kc5 39. Kf4 Re6 40. Kf5 Re1 41. Rxd2 Nxd2 42. h4 Nf3 43. h5 Rf1 44. h6 Rh1 45. g5 Nxg5 46. Kxg5 Kxb5 47. Kg6 a5 48. h7 a4 49. Kg7 Rxh7+ 50. Kxh7 a3 51. Kg6 a2 52. Kf5 a1=Q 53. Ke4 Qxc3 54. Kd5 Qd3+ 55. Ke6 c3 56. Kf7 c2 57. Kf6 c1=Q 58. Ke6 Qe1+ 59. Kf7 Qf3+ 60. Kg6 Qg1+ 61. Kh6 Qfh1# 0-1


[Site "https://www.chess.com"]

[Event "Titled Tuesday Blitz April 18 Late 2023"]
[White "Osmak, Yuliia"]
[Black "Hoffmann, Asa"]
[WhiteFideId "14101602"]
[BlackFideId "2001470"]
[WhiteElo "2291"]
[BlackElo "2117"]
[Result "0-1"]
[Round "06"]
[TimeControl "180+2"]
[Date "2023.04.18"]
[WhiteClock "0:01:23"]
[BlackClock "0:01:09"]

1. e4 d6 2. d4 Nf6 3. Nc3 c6 4. f4 Qa5 5. Bd3 e5 6. Nf3 exd4 7. Nxd4 Qb6 8. Nf3 Be7 9. Qe2 O-O 10. b3 Bg4 11. Be3 Qa5 12. Bd2 Qb6 13. O-O-O Nbd7 14. e5 dxe5 15. fxe5 Bxf3 16. gxf3 Nd5 17. Qe4 g6 18. Nxd5 cxd5 19. Qxd5 Rfd8 20. Bc4 Qe6 21. Qxe6 fxe6 22. Bxe6+ Kf8 23. Bh6+ Ke8 24. f4 Nc5 25. Bc4 a6 26. a4 Ne4 27. Rxd8+ Rxd8 28. Rd1 Ba3+ 29. Kb1 Rxd1+ 30. Ka2 Bb4 0-1


[Site "https://www.chess.com"]

[Event "Titled Tuesday Blitz April 18 Late 2023"]
[White "Moral Garcia, Serafin"]
[Black "micke12a"]
[WhiteFideId "2201925"]
[WhiteElo "2274"]
[BlackElo "2367"]
[Result "1-0"]
[Round "06"]
[TimeControl "180+2"]
[Date "2023.04.18"]
[WhiteClock "0:00:20"]
[BlackClock "0:00:01"]

1. c4 Nf6 2. Nc3 g6 3. g3 Bg7 4. Bg2 O-O 5. d3 c6 6. Nf3 d5 7. cxd5 cxd5 8. O-O Nc6 9. h3 e5 10. d4 exd4 11. Nb5 Qb6 12. Nbxd4 Re8 13. e3 Ne4 14. Nxc6 bxc6 15. Nd2 Ba6 16. Re1 Nc5 17. Bf1 Nd3 18. Bxd3 Bxd3 19. Qb3 Qxb3 20. Nxb3 Rab8 21. Nc5 Bc4 22. Na4 Rb4 23. Nc3 d4 24. Nd1 d3 25. Bd2 Rb6 26. Rc1 Bxa2 27. Ra1 Bb3 28. Nc3 Be6 29. Na4 Rb3 30. Rac1 Bxb2 31. Rxc6 Bd7 32. Ra6 Ra3 33. Nc5 Rxa6 34. Nxa6 Bxh3 35. Rb1 Bg7 36. Nc5 Bf5 37. e4 Bxe4 38. Nxe4 Rxe4 39. Rb8+ Bf8 40. Bh6 Re1+ 41. Kg2 Re8 42. Rxe8 1-0


[Site "https://www.chess.com"]

[Event "Titled Tuesday Blitz April 18 Late 2023"]
[White "Petrovic, Aleksa"]
[Black "Szente Varga, Fruzsina"]
[WhiteFideId "967629"]
[BlackFideId "712264"]
[WhiteElo "2309"]
[BlackElo "1994"]
[Result "1-0"]
[Round "06"]
[TimeControl "180+2"]
[Date "2023.04.18"]
[WhiteClock "0:00:13"]
[BlackClock "0:00:07"]

1. d4 Nf6 2. c4 g6 3. Nc3 Bg7 4. e4 d6 5. Be2 O-O 6. Bg5 h6 7. Be3 e5 8. d5 Nbd7 9. Qd2 Kh7 10. g4 Nc5 11. f3 Bd7 12. h4 Na4 13. Nxa4 Bxa4 14. b3 Bd7 15. O-O-O a6 16. Nh3 b5 17. c5 c6 18. dxc6 Bxc6 19. Qxd6 Qe8 20. h5 g5 21. Qc7 Rc8 22. Qa5 Bb7 23. Rd6 Nd7 24. b4 Qe7 25. Rhd1 Nb8 26. a3 Bf6 27. Kb2 Kg7 28. Nf2 Rc7 29. Nh1 Nc6 30. Qb6 a5 31. Ng3 Bc8 32. Rxc6 Rxc6 33. Qxc6 axb4 34. axb4 Be6 35. Nf5+ Bxf5 36. gxf5 Rb8 37. Rd7 Qe8 38. Rd6 Qe7 39. Qd7 Qf8 40. Bd1 Be7 41. f6+ Bxf6 42. Bb3 Be7 43. Rc6 Rd8 44. Qf5 Rd3 45. Bc1 Qd8 46. Qxf7+ Kh8 47. Rxh6# 1-0


[Site "https://www.chess.com"]